 Dungeon Crawl Stone Soup version 0.26.1-2-gb8aa6d0 (webtiles) character file.

Game seed: 2797219889867919234

63 Meow the Stinger (level 4, -3/36 HPs)
             Began as a Naga Venom Mage on Mar 19, 2021.
             Slain by a sky beast (5 damage)
             ... on level 2 of the Dungeon.
             The game lasted 00:06:05 (942 turns).

Meow the Stinger (Naga Venom Mage)                   Turns: 942, Time: 00:06:07

Health: -3/36      AC:  2    Str: 11    XL:     4   Next: 10%
Magic:  0/8        EV: 10    Int: 16    God:
Gold:   39         SH:  0    Dex: 11    Spells: 2/9 levels left

rFire    . . .     SeeInvis +   a - +0 hunting sling
rCold    . . .     Faith    .   (no shield)
rNeg     . . .     Spirit   .   f - +0 robe
rPois    +         Reflect  .   (no helmet)
rElec    .         Harm     .   (no cloak)
rCorr    .         Rampage  .   (no gloves)
Will     .....                  (no barding)
Stlth    ++........             (no amulet)
HPRegen  0.12/turn              (no ring)
MPRegen  0.11/turn              (no ring)

@: short of breath, very slow
A: large, see invisible, deformed body, poison resistance, slowness 2, spit
poison 1, AC +1
a: Spit Poison


You were on level 2 of the Dungeon.
You visited 1 branch of the dungeon, and saw 2 of its levels.

You collected 39 gold pieces.

Inventory:

Hand Weapons
 a - a +0 hunting sling (weapon)
 b - a +0 dagger
Missiles
 d - 50 stones (quivered ammo)
Armour
 e - a +0 cloak
 f - a +0 robe (worn)
Scrolls
 c - a scroll of enchant weapon {unknown}
 g - a scroll of blinking {unknown}
Potions
 h - a potion of curing {unknown}
 i - a potion of heal wounds {unknown}


   Skills:
 - Level 1.5 Dodging
 - Level 3.0 Stealth
 + Level 3.1 Spellcasting
 - Level 1.0 Transmutations
 + Level 5.3 Poison Magic


You had 2 spell levels left.
You knew the following spells:

 Your Spells              Type           Power        Failure   Level
a - Sting                 Tmut/Pois      48%          4%          1
c - Mephitic Cloud        Conj/Pois/Air  8%           26%         3
F - Ignite Poison         Fire/Tmut/Pois 9%           24%         3

Your spell library contained the following spells:

 Spells                   Type           Power        Failure   Level
 Poisonous Vapours        Pois/Air       22%          10%         2
 Olgreb's Toxic Radiance  Pois           19%          21%         4


Dungeon Overview and Level Annotations

Branches:
Dungeon (2/15)

Altars:


Innate Abilities, Weirdness & Mutations

You cannot wear boots.
Your serpentine skin is tough. (AC +1)
You have supernaturally acute eyesight. (SInv)
Armour fits poorly on your strangely shaped body.
Your system is resistant to poisons. (rPois)
You cover ground very slowly.
You can spit poison.


Message History

Confirm with . or Enter, or press ? or * to list all spells.
Aiming: Sting (safe; 4% risk of failure)
Press: ? - help, Shift-Dir - straight line, f/p - sky beast
Aim: a sky beast (severely wounded, extremely poisoned, 40% to evade)
The sting hits the sky beast but does no damage.
The sky beast looks as sick as possible!
The sky beast is severely wounded.
The sky beast hits you.
* * * LOW HITPOINT WARNING * * *
The sky beast shocks you.
* * * LOW HITPOINT WARNING * * *
Casting: Sting (safe; 4% risk of failure)
Confirm with . or Enter, or press ? or * to list all spells.
Aiming: Sting (safe; 4% risk of failure)
Press: ? - help, Shift-Dir - straight line, f/p - sky beast
Aim: a sky beast (severely wounded, extremely poisoned, 40% to evade)
The sting misses the sky beast.
The sky beast hits you.
* * * LOW HITPOINT WARNING * * *
The sky beast shocks you.
You die...

...#....##### .......)...###
.##..#..##.†.##
.###>#....##..#
.###.#.....##.##
.......#.#..(..# ####
..#.##.#..##...## ##..#
..#.......##....#####...#
..###.........#Y@.......####
...........##..÷...........##
............##..............##
.##..........##..............#
.##...........#..............#
###...........####...........#
###.........................##
##.............###.........##
..........####.#...........#


You could see a sky beast (extremely poisoned).

Vanquished Creatures
  5 adders (D:2)
  A leopard gecko (D:1)
  2 bats (D:1)
  4 goblins (D:2)
  3 hobgoblins (D:2)
  2 jackals (D:2)
  A rat (D:1)
18 creatures vanquished.

Vanquished Creatures (others)
  4 toadstools (D:1)
4 creatures vanquished.

Grand Total: 22 creatures vanquished

Notes
Turn   | Place    | Note
-------+----------+-------------------------------------------
     0 | D:1      | Meow the Naga Venom Mage began the quest for the Orb.
     0 | D:1      | Reached XP level 1. HP: 15/15 MP: 3/3
   272 | D:2      | Reached XP level 2. HP: 22/22 MP: 3/5
   335 | D:2      | Reached XP level 3. HP: 17/28 MP: 2/7
   387 | D:2      | Learned a level 3 spell: Mephitic Cloud
   391 | D:2      | Learned a level 3 spell: Ignite Poison
   848 | D:2      | Reached skill level 5 in Poison Magic
   876 | D:2      | Noticed a sky beast
   896 | D:2      | Reached XP level 4. HP: 21/36 MP: 2/8
   942 | D:2      | Slain by a sky beast

Illustrated notes

Levels and vault maps discovered:
D:1:      ldierk_water_garden, layout_basic
D:2:      layout_rooms, fedhas_ov_isle_minmay, makhleb_grotto_becter,
          roderic_malta_cross, minmay_tetromino_i2

Skill      XL: |  1  2  3 |
---------------+----------+-----
Poison Magic   | 5 |  5.3
Spellcasting   | 3 |  3.1
Dodging        | |  1.5
Stealth        | |  3.0
Transmutations | |  1.0

Action                   |  1- 3 |  4- 6 || total
-------------------------+-------+-------++-------
 Fire: Hunting sling     |    10 |     1 ||    11
Throw: Stone             |    17 |       ||    17
 Cast: Sting             |    16 |     7 ||    23
       Mephitic Cloud    |     1 |       ||     1
 Abil: Spit Poison       |    18 |     2 ||    20
Dodge: Dodged            |    16 |     2 ||    18
